 Dungeon Crawl Stone Soup version 0.31-a0-277-g31ea1f65cc (webtiles) character file.

Game seed: 2980156539063720691

42 LustLizard the Changeling (level 3, -1/25 HPs)
             Began as an Octopode Shapeshifter on July 15, 2023.
             Slain by a goblin
             ... wielding a +0 dagger
             ... led by Robin
              (4 damage)
             ... on level 1 of the Dungeon.
             The game lasted 00:01:36 (1143 turns).

LustLizard the Changeling (Octopode Shapeshifter)   Turns: 1143, Time: 00:01:37

Health: -1/25      AC:  1    Str: 16    XL:     3   Next: 56%
Magic:  3/3        EV: 13    Int: 10    God:
Gold:   44         SH:  0    Dex: 12    Spells: 2/2 levels left

rFire   . .          .
                       - Unarmed
rCold   . . .        (no shield)
rNeg    . . .        (helmet currently unavailable)
rPois   .            (no amulet)
rElec   .            (no ring)
rCorr   .            (no ring)
SInv    .            (no ring)
Will    .....        (no ring)
Stlth   ++           (no ring)
HPRegen 0.24/turn    (no ring)
MPRegen 0.08/turn    (no ring)
                     (no ring)

%: no passive effects
@: beast-form
A: beast (slay +2), almost no armour, amphibious, 8 rings, camouflage 1,
gelatinous body 1, (nimble swimmer 1), tentacles
a: Begin Untransformation


You were on level 1 of the Dungeon.
You were a hulking beast.
You visited 1 branch of the dungeon, and saw 2 of its levels.

You collected 44 gold pieces.

Inventory:

Missiles
 d - 5 poisoned darts
Talismans
 b - a beast talisman
Scrolls
 e - a scroll of enchant weapon {unknown}
 f - a scroll of amnesia {unknown}
 g - a scroll of blinking {unknown}
Potions
 a - a potion of lignification
 c - a potion of degeneration {unknown}


   Skills:
 + Level 2.5 Fighting
 - Level 2.0 Dodging
 * Level 3.1 Unarmed Combat
 + Level 3.2 Shapeshifting


You had 2 spell levels left.
You didn't know any spells.
Your spell library was empty.

Dungeon Overview and Level Annotations

Branches:
Dungeon (2/15)

Altars:
Dithmenos

Annotations:
D:2 Robin


Innate Abilities, Weirdness & Mutations

You are a hulking beast.
Your limbs bulge with bestial killing power. (Slay +2)
You cannot wear most types of armour.
You are amphibious.
You can wear up to eight rings at the same time.
Your skin changes colour to match your surroundings (Stealth+).
Your rubbery body absorbs attacks. (AC +1, EV +1)
((You are camouflaged when in or above water. (Stealth+)))
You have tentacles for arms and can constrict up to eight enemies at once.


Message History

You constrict the kobold.
You kill the kobold!
The frilled lizard bites you.
You barely miss the frilled lizard. You grab the frilled lizard.
You constrict the frilled lizard. The frilled lizard misses you.
You tentacle-slap the frilled lizard.
You kill the frilled lizard!
You climb downwards.
Level annotation: Robin The goblin hits you with a +0 dagger.
The goblin barely misses you. The hobgoblin barely misses you.
The goblin misses you.
There is a stone staircase leading up here.
Unknown command.
The rat completely misses you. The goblin hits you with a +0 dagger.
Robin roars a battlecry!
The goblin goes into a battle-frenzy!
The hobgoblin hits you. The goblin closely misses you.
You climb upwards.
There is a stone staircase leading down here.
Unknown command.
You tentacle-slap the hobgoblin. Your grab misses the hobgoblin.
You tentacle-slap the hobgoblin, but do no damage.
The hobgoblin is almost dead.
The rat barely misses you. The hobgoblin hits you.
The goblin hits you with a +0 dagger. x2; The goblin misses you.
You tentacle-slap the hobgoblin but do no damage.
You grab the hobgoblin.
The hobgoblin is almost dead.
You constrict the hobgoblin.
You kill the hobgoblin!
The rat barely misses you. The goblin closely misses you.
The goblin hits you with a +0 dagger. The goblin barely misses you.
You tentacle-slap the goblin.
You kill the goblin!
The rat bites you.
* * * LOW HITPOINT WARNING * * *
The goblin hits you with a +0 dagger.
* * * LOW HITPOINT WARNING * * *
The goblin hits you with a +0 dagger.
You die...

#.#.#......# #.# #..........#.#
..[.#......# #.####............#
....#......# #...............#.#
....#......########..###.###.#.#
....####....# ##..# #.#...#.#
....####.)..######...###.#.#.####
....'..'.........................
....####....###r.)..####.#.#.##.#
##'## #........gh$.........####(#
#.# #........g###.##.#.### #.#
##.# #.........# #.####.######.#
...# #.........# #.#...........#
#### #.........# #.#.##.........
###############.#.#########.#
#.............#.#.# #.#
#.###########.#.#.# #.# #.#.#
#.#.#.# #.#


You could see 2 goblins and a rat.

Vanquished Creatures
  A gnoll (D:1)
  A dart slug (D:1)
  An endoplasm (D:1)
  A giant cockroach (D:2)
  6 goblins (D:1)
  4 hobgoblins
  2 quokkas (D:1)
  4 ball pythons
  3 bats (D:1)
  3 frilled lizards (D:1)
  2 kobolds (D:1)
  4 rats
32 creatures vanquished.

Notes
Turn   | Place    | Note
-------+----------+-------------------------------------------
     0 | D:1      | LustLizard the Octopode Shapeshifter began the quest for
                  | the Orb.
     0 | D:1      | Reached XP level 1. HP: 14/14 MP: 1/1
   211 | D:1      | Reached XP level 2. HP: 19/19 MP: 2/2
   886 | D:2      | Reached XP level 3. HP: 25/25 MP: 3/3
   919 | D:2      | Found a shadowy altar of Dithmenos.
  1128 | D:2      | Noticed Robin
  1143 | D:1      | Slain by a goblin

Illustrated notes

Levels and vault maps discovered:
D:1:      spicycebolla_green_bress_n_ham_2, layout_basic, serial_glass,
          glass_columns_c, glass_columns_a
D:2:      layout_rooms, basic_altar, uniq_robin

Skill      XL: |  1  2  3 |
---------------+----------+-----
Unarmed Combat | 3 |  3.1
Fighting       | |  2.5
Dodging        | |  2.0
Shapeshifting  | |  3.2

Action                     || total
---------------------------++-------
  Melee: Unarmed           ||    67
         Constrict         ||    19
         Tentacles         ||    10
         Punch             ||     2
   Stab: Sleeping          ||     2
 Armour: Skin              ||     2
  Dodge: Dodged            ||    57

Table legend: (Time is in decaauts)
 A = Elapsed time spent in this place.
 B = Non-inter-level travel time spent in this place.
 C = Inter-level travel time spent in this place.
 D = Time resting spent in this place.
 E = Time spent auto-exploring this place.
 F = Levels seen in this place.
 G = Mean time per level.
                   A        B        C        D        E       F      G
               +--------+--------+--------+--------+--------+-----+--------+
         Total |   1141 |   1075 |     66 |     85 |    805 |   2 |  570.5 |
       Dungeon |   1141 |   1075 |     66 |     85 |    805 |   2 |  570.5 |
               +--------+--------+--------+--------+--------+-----+--------+

Top non-repeatable levels by time:
     D:1: 1028 daAuts
     D:2: 113 daAuts
